 Dungeon Crawl Stone Soup version 0.18-a0-1347-gb9e2fb4 (webtiles) character file.

316500 dvd the Sorcerer (level 20, -1/116 HPs)
             Began as a Deep Elf Fire Elementalist on Feb 14, 2016.
             Was the Champion of Vehumet.
             Slain by a merfolk impaler
             ... wielding a +0 trident of freezing
              (3 damage)
             ... on level 4 of the Shoals on Feb 17, 2016.
             The game lasted 05:13:11 (46611 turns).

dvd the Sorcerer (Deep Elf Fire Elementalist)      Turns: 46611, Time: 05:13:11

Health: -1/116     AC: 15    Str:  7    XL:     20   Next: 87%
Magic:  9/59       EV: 20    Int: 41    God:    Vehumet [******]
Gold:   4378       SH:  4    Dex: 15    Spells: 14 memorised, 0 levels left

rFire  + . .     SeeInvis .     c - staff of air
rCold  + . .     Gourm    .     R - +2 robe {Archmagi}
rNeg   . . .     Faith    .     S - +0 buckler "Levvasho" {rC+ rCorr Str+5 Int+2}
rPois  +         Spirit   .     V - +3 hat of Pondering {ponderous, MR+ MP+10 Int+5}
rElec  +         Dismiss  .     p - +2 cloak {MR+}
rCorr  +         Reflect  .     v - +1 pair of gloves
SustAt +         Harm     .     N - +2 pair of boots
MR     +++++                    o - amulet of magic regeneration
Stlth  +++.......               C - ring of Ahask {MR+ Str-5 Int+4 Stlth-}
                                m - ring "Bekhust" {SustAt +Fly rPois Str+2}

@: about to teleport, delayed fireball, deflect missiles, slow, almost entirely
resistant to hostile enchantments, fairly stealthy
A: fire resistance 1, robust 1, MP-powered wands
a: Renounce Religion, Release Delayed Fireball, Evoke Flight
}: 1/15 runes: serpentine


You were on level 4 of the Shoals.
You worshipped Vehumet.
Vehumet was exalted by your worship.
You were not hungry.

You visited 7 branches of the dungeon, and saw 37 of its levels.
You also visited: Labyrinth and Ice Cave.

You collected 4595 gold pieces.
You spent 217 gold pieces at shops.

Inventory:

Hand Weapons
 a - a +8 short sword of protection
Armour
 p - a +2 cloak of magic resistance (worn)
 v - a +1 pair of gloves (worn)
 G - a +2 robe of magic resistance
 N - a +2 pair of boots (worn)
 O - the +4 skin of Zhor {rC+++}
   (You took it off a deep elf demonologist on level 3 of the Elven Halls)

   It renders you almost immune to cold.
 Q - the +1 leather armour "Bain" {rF+ rN+}
   (You took it off a deep elf mage on level 3 of the Elven Halls)

   It protects you from fire.
   It protects you from negative energy.
 R - a +2 robe of the Archmagi (worn)
 S - the +0 buckler "Levvasho" (worn) {rC+ rCorr Str+5 Int+2}
   (You acquired it on level 3 of the Elven Halls)

   It affects your strength (+5).
   It affects your intelligence (+2).
   It protects you from cold.
   It protects you from acid and corrosion.
 V - the +3 hat of Pondering (worn) {ponderous, MR+ MP+10 Int+5}
   (You took it off Gastronok on level 9 of the Dungeon)

   It affects your intelligence (+5).
   It affects your resistance to hostile enchantments.
   It affects your magic capacity (+10).
Magical Staves
 b - an uncursed staff of conjuration
 c - an uncursed staff of air (weapon)
Jewellery
 i - an uncursed ring of protection from magic
 m - the ring "Bekhust" (left hand) {SustAt +Fly rPois Str+2}
   (You took it off a deep elf mage on level 3 of the Elven Halls)

   [ring of sustain attributes]

   It sustains your strength, intelligence and dexterity.
   It affects your strength (+2).
   It protects you from poison.
   It lets you fly.
 o - an amulet of magic regeneration (around neck)
 r - a +5 ring of dexterity
 w - an uncursed ring of see invisible
 x - an uncursed ring of fire
 C - the ring of Ahask (right hand) {MR+ Str-5 Int+4 Stlth-}
   (You took it off a deep elf elementalist on level 3 of the Elven Halls)

   [ring of loudness]

   It affects your strength (-5).
   It affects your intelligence (+4).
   It affects your resistance to hostile enchantments.
   It makes you less stealthy.
 D - a +5 ring of protection
 P - the ring of Nueddure {rC+ AC+3 Str+5 Int-2}
   (You found it in a labyrinth)

   [ring of protection]

   It affects your AC (+3).
   It affects your strength (+5).
   It affects your intelligence (-2).
   It protects you from cold.
Wands
 z - a wand of heal wounds (8/9)
 F - a wand of hasting (3/9)
 X - a wand of teleportation (6/9)
Scrolls
 d - 8 scrolls of teleportation
 g - 15 scrolls of remove curse
 j - 31 scrolls of identify
 n - 8 scrolls of blinking
 y - a scroll of magic mapping
 U - 6 scrolls of fear
Potions
 e - 3 potions of resistance
 h - 8 potions of agility
 l - 5 potions of might
 s - 12 potions of curing
 t - 3 potions of invisibility
 A - a potion of cure mutation
 B - 2 potions of haste
 H - 2 potions of heal wounds
 I - 3 potions of flight
 J - 2 potions of brilliance
 T - 3 potions of cancellation
Books
 E - the Collected Works on Combat Magic
   (You found it on level 1 of the Elven Halls)

   Spells                             Type                      Level
   a - Flame Tongue                   Conjuration/Fire             1
   b - Mephitic Cloud                 Conjuration/Poison/Air       3
   c - Irradiate                      Conjuration/Transmutation    5
   d - Orb of Destruction             Conjuration                  7
 K - a book of Clouds

   Spells                             Type                      Level
   a - Mephitic Cloud                 Conjuration/Poison/Air       3
   b - Conjure Flame                  Conjuration/Fire             3
   c - Poisonous Cloud                Conjuration/Poison/Air       6
   d - Freezing Cloud                 Conjuration/Ice/Air          6
   e - Ring of Flames                 Charms/Fire                  7
 Y - a book of Necromancy

   Spells                             Type                      Level
   a - Pain                           Necromancy                   1
   b - Animate Skeleton               Necromancy                   1
   c - Vampiric Draining              Necromancy                   3
   d - Regeneration                   Charms/Necromancy            3
   e - Animate Dead                   Necromancy                   4
   f - Control Undead                 Necromancy                   4
Comestibles
 f - a slice of pizza
 k - 13 royal jellies
 q - 4 chunks of flesh
 u - 32 fruits
 L - 21 bread rations
 M - 7 meat rations


   Skills:
 + Level 5.2 Fighting
 + Level 6.3 Short Blades
 + Level 1.0 Staves
 + Level 4.1 Armour
 + Level 12.5 Dodging
 + Level 7.6 Stealth
 + Level 1.0 Shields
 + Level 23.7 Spellcasting
 + Level 19.3 Conjurations
 + Level 6.5 Charms
 + Level 1.3 Necromancy
 + Level 4.1 Translocations
 + Level 4.0 Transmutations
 + Level 18.2 Fire Magic
 + Level 8.7 Air Magic
 + Level 5.0 Earth Magic
 + Level 6.5 Poison Magic
 + Level 2.2 Evocations


You couldn't memorise any spells.
You knew the following spells:

 Your Spells              Type           Power        Failure   Level  Hunger
a - Deflect Missiles      Chrm/Air       ########..   4%          6    None
b - Fire Storm            Conj/Fire      ########..   5%          9    ##.....
c - Sticky Flame          Conj/Fire      ########     0%          4    None
d - Ignite Poison         Fire/Trmt/Pois ########     1%          3    None
e - Fireball              Conj/Fire      ########..   0%          5    None
f - Iskenderun's Battles  Conj/Chrm      ########     1%          5    None
h - Blink                 Tloc           N/A          1%          2    None
i - Bolt of Fire          Conj/Fire      ########..   1%          6    None
j - Lightning Bolt        Conj/Air       #########.   1%          5    None
k - Poison Arrow          Conj/Pois      ########..   1%          6    None
l - Irradiate             Conj/Trmt      ########..   1%          5    None
m - Delayed Fireball      Conj/Fire      N/A          1%          7    None
n - Bolt of Magma         Conj/Fire/Erth ########..   1%          5    None
o - Regeneration          Chrm/Necr      #######...   1%          3    None


Dungeon Overview and Level Annotations

Branches:
Dungeon (15/15)            Temple (1/1) D:5            Lair (8/8) D:8
 Shoals (4/4) Lair:6        Snake (4/4) Lair:4        Slime (0/6) Lair:6
    Orc (2/2) D:10            Elf (3/3) Orc:2        Vaults (0/5) D:13
 Depths (0/5) D:15

Altars:
Ashenzari
Cheibriados
Dithmenos
Elyvilon
Fedhas
Gozag
Kikubaaqudgha
Makhleb
Nemelex Xobeh
Okawaru
Pakellas
Qazlal
Ru
Sif Muna
Trog
Vehumet
Xom
Yredelemnul
Zin
The Shining One
Beogh
Jiyva

Shops:
D:4 :   D:7 :   D:8 (   Orc:2 (=(}   Elf:1 (   Elf:2 =   Shoals:1 [
Shoals:4 =

Annotations:
Shoals:4 Polyphemus


Innate Abilities, Weirdness & Mutations

Your flesh is heat resistant.
You are robust (+10% HP).
You expend magic power (3 MP) to strengthen your wands.


Message History

A large rock appears from out of your range of vision.
The large rock hits your fire vortex!
Your fire vortex dissipates! 2 merfolk impalers come into view.
Drink which item? (? for menu, Esc to quit)
You feel better. You block the snapping turtle's attack.
The sea snake barely misses you.
The merfolk impaler hits you from afar with a trident of freezing!!
* * * LOW HITPOINT WARNING * * *
The merfolk impaler freezes you.
* * * LOW HITPOINT WARNING * * *
The death yak is engulfed in calcifying dust.
The death yak is moving more slowly.
The death yak completely misses you.
The sea snake bites you but does no damage.
The sea snake barely misses your fire vortex.
The catoblepas closely misses you.
The merfolk impaler hits you from afar with a trident of freezing!!
* * * LOW HITPOINT WARNING * * *
The merfolk impaler freezes you.
You die...

≈≈≈≈≈≈≈≈≈≈≈≈≈≈≈≈≈≈≈≈.....
≈≈≈≈≈≈≈≈m≈≈≈m≈≈S≈≈≈......
≈≈≈≈≈≈≈≈≈≈≈≈(.≈v≈<.......
≈≈≈≈≈≈≈≈≈≈≈.=H.≈≈........
≈§≈≈)?≈≈≈≈..(C§.§≈.......
≈≈≈≈≈≈≈#≈.......§§§.§...≈
≈§≈≈≈≈≈≈≈.k§Y§..#≈≈§§.≈≈≈
##≈≈#≈∩≈#YS†..§.≈§m§≈≈≈≈
#≈≈≈≈tY@Sm..m≈≈≈§§≈≈≈≈
#≈≈≈#≈≈....≈m≈≈≈≈≈≈≈≈≈
#≈≈≈≈≈≈≈≈≈≈≈≈≈≈≈≈
#≈≈≈≈≈≈≈≈≈≈≈≈≈≈≈≈
#≈≈≈≈≈≈≈≈≈≈≈≈≈≈≈
≈≈≈≈≈≈≈≈≈≈≈≈≈≈≈
≈≈≈≈≈≈≈≈≈≈≈≈≈≈≈≈
≈≈≈≈≈≈≈≈≈≈≈≈≈≈≈


You could see Polyphemus, 4 merfolk impalers, 2 death yaks, a catoblepas, 3 sea
snakes, a merfolk aquamancer, a snapping turtle, a wind drake, a manticore and a
friendly fire vortex.

Vanquished Creatures
  Mara (Snake:4)
  Nikola (Shoals:4)
  2 deep elf master archers (Elf:3)
  2 deep elf blademasters (Elf:3)
  The ghost of George the Fencer, an adept MiFi of the Shining One (Snake:1)
  Agnes (Snake:1)
  Gastronok (D:9)
  Ilsuiw (Shoals:3)
  7 greater nagas (Snake:4)
  Maud (Orc:1)
  3 deep elf sorcerers (Elf:3)
  3 deep elf elementalists (Elf:3)
  A stone giant (Orc:1)
  8 deep elf demonologists
  A white draconian (IceCv)
  3 deep elf annihilators
  8 deep elf death magi (Elf:3)
  2 merfolk javelineers (Shoals:4)
  2 vault guards (D:13)
  A minotaur (Lab)
  A fire dragon (Lair:8)
  3 deep elf high priests (Elf:3)
  4 merfolk impalers
  10 hydras
  21 naga warriors
  A merfolk avatar (Shoals:4)
  13 anacondas
  3 merfolk aquamancers
  3 centaur warriors
  An alligator snapping turtle (Shoals:3)
  An ogre mage (D:12)
  A catoblepas (D:14)
  26 dancing weapons
  The ghost of Oracle the Slinger, a novice FoFi of Ru (D:14)
  4 satyrs
  14 death yaks
  7 orc high priests
  10 shock serpents
  20 naga sharpshooters
  A wizard (D:13)
  A fire crab (shapeshifter) (Elf:1)
  25 deep elf knights
  2 salamander mystics
  11 sea snakes
  12 naga ritualists
  14 deep elf archers
  4 hill giants
  Pikel (D:4)
  62 deep elf magi
  6 orc knights
  2 lindwurms
  28 harpies
  10 mana vipers
  A hill giant (shapeshifter) (Elf:3)
  An orange crystal statue (Elf:1)
  A necromancer (D:13)
  10 griffons
  4 orc sorcerers (Orc:2)
  11 salamanders
  6 fauns (Shoals:3)
  2 oklob plants
  17 elephants
  2 cyclopes
  10 manticores
  6 water nymphs
  8 ugly things
  8 sirens
  4 guardian serpents
  A black mamba (shapeshifter) (Elf:2)
  47 black mambas
  Maurice (D:13)
  An elephant (shapeshifter) (Elf:2)
  5 torpor snails (Lair:8)
  Joseph (D:7)
  28 naga magi
  3 gargoyles
  12 spiny frogs
  4 centaur skeletons
  A yaktaur (D:13)
  An efreet (D:15)
  4 fire drakes
  4 kobold demonologists
  3 tengu conjurers
  13 komodo dragons
  12 polar bears (IceCv)
  5 trolls
  The ghost of chonchonts the Chopper, an amateur MiFi of Okawaru (D:4)
  2 wind drakes (Shoals:3)
  2 two-headed ogres
  4 giant leeches (Lair:8)
  10 merfolk
  5 blink frogs (Lair:2)
  5 slime creatures
  A boulder beetle (Lair:8)
  6 snapping turtles
  5 shadows
  75 yaks
  3 air elementals
  14 water elementals
  A redback (Lab)
  4 wyverns
  2 basilisks
  2 hungry ghosts (Lab)
  20 humans (D:13)
  3 vampire mosquitoes (D:14)
  3 fire elementals
  10 hippogriffs
  2 mottled dragons
  30 wolves
  66 nagas
  A swamp worm (shapeshifter) (D:15)
  2 soldier ants (D:10)
  15 water moccasins
  2 wargs
  13 porcupines
  3 black bears
  22 orc warriors
  4 wasps
  2 ice beasts
  3 phantoms
  3 sky beasts
  2 eyes of draining
  A necrophage (D:8)
  16 ogres
  18 centaurs
  14 crocodiles
  A big kobold (shapeshifter) (Elf:1)
  A big kobold (D:10)
  17 giant frogs
  2 earth elementals (Elf:3)
  A wyvern skeleton (D:14)
  7 scorpions
  23 killer bees
  5 wights (D:6)
  3 electric eels
  5 lava snakes
  6 crimson imps
  3 quasits
  3 centaur zombies
  21 orc priests
  A giant frog zombie (D:13)
  3 hounds
  2 jellies
  21 orc wizards
  Jessica (D:9)
  3 giant frog skeletons
  14 iguanas
  15 worker ants
  5 hell rats (Lair:4)
  34 sheep
  A hound zombie (D:10)
  A hound skeleton (D:10)
  A worker ant zombie (D:11)
  15 adders
  67 river rats
  4 shadow imps
  12 white imps (D:12)
  3 oozes
  An adder skeleton (D:7)
  20 worms
  7 giant geckos
  75 orcs
  3 ball pythons
  12 giant cockroaches
  7 goblins
  12 hobgoblins
  28 jackals
  6 quokkas
  8 bats
  4 giant newts
  17 kobolds
  2 quokka skeletons
  A quokka zombie (D:6)
  9 rats
  2 bushes (Lair:4)
  4 butterflies
  2 crawling corpses (Elf:3)
  2 fungi
  36 plants
1566 creatures vanquished.

Vanquished Creatures (others)
  A slave (D:4)
  A river rat (Lair:5)
  4 fire vortices (Shoals:4)
  53 fungi
  73 plants
132 creatures vanquished.

Grand Total: 1698 creatures vanquished

Notes
Turn   | Place    | Note
--------------------------------------------------------------
     0 | D:1      | dvd the Deep Elf Fire Elementalist began the quest for the Orb.
     0 | D:1      | Reached XP level 1. HP: 10/10 MP: 6/6
   487 | D:1      | Reached XP level 2. HP: 12/15 MP: 5/8
   553 | D:1      | Learned a level 2 spell: Throw Flame
   936 | D:1      | Reached XP level 3. HP: 19/19 MP: 7/10
  1522 | D:2      | Found a faded altar to an unknown god.
  1646 | D:2      | Reached XP level 4. HP: 24/24 MP: 6/11
  1739 | D:2      | Reached skill level 4 in Fire Magic
  1818 | D:2      | Learned a level 4 spell: Sticky Flame
  2332 | D:2      | Found an iron altar of Okawaru.
  2334 | D:2      | Found a glowing silver altar of Zin.
  2344 | D:2      | Found a snail-covered altar of Cheibriados.
  2344 | D:2      | Found a blossoming altar of Fedhas.
  2344 | D:2      | Found a radiant altar of Vehumet.
  2345 | D:2      | Found an opulent altar of Gozag.
  2348 | D:2      | Found a basalt altar of Yredelemnul.
  2354 | D:2      | Became a worshipper of Vehumet
  3000 | D:3      | Reached XP level 5. HP: 28/28 MP: 9/13
  3172 | D:3      | Reached skill level 5 in Fire Magic
  3717 | D:4      | Noticed chonchonts's ghost (amateur MiFi)
  4102 | D:4      | Reached XP level 6. HP: 20/32 MP: 4/15
  4400 | D:4      | Learned a level 3 spell: Conjure Flame
  4471 | D:4      | Reached skill level 5 in Spellcasting
  4534 | D:4      | Reached * piety under Vehumet
  4534 | D:4      | Offered knowledge of Shock by Vehumet.
  4592 | D:4      | Learned a level 5 spell: Fireball
  4691 | D:4      | Noticed a slave
  4691 | D:4      | Noticed a slave
  4691 | D:4      | Noticed a slave
  4691 | D:4      | Noticed a slave
  4692 | D:4      | Noticed Pikel
  4778 | D:4      | Killed Pikel
  4778 | D:4      | Reached skill level 6 in Spellcasting
  4778 | D:4      | Reached XP level 7. HP: 36/36 MP: 4/18
  4781 | D:4      | Learned a level 1 spell: Shock
  4845 | D:4      | Reached skill level 7 in Fire Magic
  4937 | D:4      | Reached XP level 8. HP: 41/41 MP: 12/20
  4953 | D:4      | Found Noofei's Book Shop.
  5026 | D:5      | Entered Level 5 of the Dungeon
  5192 | D:5      | Found a burning altar of Makhleb.
  5729 | D:6      | Reached skill level 8 in Fire Magic
  5734 | D:6      | Offered knowledge of Sandblast by Vehumet.
  5880 | D:6      | Reached skill level 5 in Conjurations
  6214 | D:6      | You fall through a shaft!
  6431 | D:7      | Reached ** piety under Vehumet
  6431 | D:7      | Reached skill level 9 in Fire Magic
  6444 | D:7      | Found Vinida's Book Boutique.
  6482 | D:7      | Noticed Joseph
  6509 | D:7      | Killed Joseph
  6509 | D:7      | Reached XP level 9. HP: 29/46 MP: 9/23
  7175 | D:8      | Found a staircase to the Lair.
  7175 | D:8      | Noticed an elephant
  7188 | D:8      | Killed an elephant
  7188 | D:8      | Reached skill level 1 in Air Magic
  7350 | D:8      | Reached skill level 5 in Stealth
  7362 | D:8      | Offered knowledge of Ignite Poison by Vehumet.
  7459 | D:8      | Reached skill level 10 in Spellcasting
  7704 | D:8      | Found Caug's Antique Weapon Shop.
  8131 | D:8      | Reached *** piety under Vehumet
  8473 | D:8      | Reached XP level 10. HP: 51/51 MP: 21/26
  8490 | D:8      | Learned a level 3 spell: Ignite Poison
  8655 | Lair:1   | Entered Level 1 of the Lair of Beasts
  8730 | Lair:1   | Learned a level 2 spell: Repel Missiles
  8733 | Lair:1   | Learned a level 2 spell: Blink
  8737 | Lair:1   | Learned a level 3 spell: Mephitic Cloud
  8875 | Lair:1   | Reached skill level 10 in Fire Magic
  8883 | Lair:1   | Noticed a spiny frog
  8891 | Lair:1   | Killed a spiny frog
  8891 | Lair:1   | Offered knowledge of Static Discharge by Vehumet.
  8926 | Lair:1   | Found a deep blue altar of Sif Muna.
  8926 | Lair:1   | Noticed an oklob plant
  8959 | Lair:1   | Killed an oklob plant
  8959 | Lair:1   | Reached skill level 11 in Spellcasting
  9157 | Lair:1   | Reached skill level 5 in Dodging
  9159 | Lair:1   | Noticed a spiny frog
  9168 | Lair:1   | Killed a spiny frog
  9549 | Lair:1   | Noticed a spiny frog
  9558 | Lair:1   | Killed a spiny frog
  9558 | Lair:1   | Reached skill level 12 in Spellcasting
  9891 | Lair:2   | Noticed an eight-headed hydra
  9896 | Lair:2   | Noticed a seven-headed hydra
  9900 | Lair:2   | Killed an eight-headed hydra
 10084 | Lair:2   | Reached XP level 11. HP: 55/55 MP: 17/29
 10138 | Lair:2   | Reached skill level 1 in Poison Magic
 10244 | Lair:2   | Reached **** piety under Vehumet
 10246 | Lair:2   | Reached skill level 13 in Spellcasting
 10330 | Lair:2   | Found a sacrificial altar of Ru.
 10375 | Lair:2   | Offered knowledge of Lee's Rapid Deconstruction by Vehumet.
 10467 | Lair:2   | Killed a seven-headed hydra
 10716 | Lair:2   | Reached skill level 1 in Short Blades
 10920 | Lair:3   | Reached skill level 1 in Fighting
 11196 | Lair:3   | Learned a level 5 spell: Lightning Bolt
 11508 | Lair:3   | Got a crude chain mail
 11519 | Lair:3   | Identified the cursed +0 chain mail "Cyetsic" {Dex+4} (You found it on level 3 of the Lair of Beasts)
 11902 | Lair:4   | Noticed a seven-headed hydra
 11905 | Lair:4   | Killed a seven-headed hydra
 11905 | Lair:4   | Reached skill level 10 in Conjurations
 11947 | Lair:4   | Found a staircase to the Snake Pit.
 12002 | Lair:4   | Gained mutation: You expend magic power (3 MP) to strengthen your wands. [potion of mutation]
 12002 | Lair:4   | Gained mutation: You are robust (+10% HP). [potion of mutation]
 12002 | Lair:4   | Gained mutation: Your flesh is heat resistant. [potion of mutation]
 12036 | Lair:4   | Noticed a griffon
 12048 | Lair:4   | Killed a griffon
 12080 | Lair:4   | Reached ***** piety under Vehumet
 12080 | Lair:4   | Offered knowledge of Poison Arrow by Vehumet.
 12152 | Lair:4   | Found a blossoming altar of Fedhas.
 12165 | Lair:4   | Noticed an oklob plant
 12177 | Lair:4   | Killed an oklob plant
 12177 | Lair:4   | Reached skill level 14 in Spellcasting
 12408 | Lair:4   | Reached XP level 12. HP: 66/70 MP: 32/32
 12527 | Lair:4   | Reached XP level 13. HP: 61/74 MP: 29/33
 12970 | Lair:5   | Reached skill level 5 in Air Magic
 13463 | Lair:5   | Learned a level 6 spell: Poison Arrow
 14278 | Lair:6   | Reached skill level 15 in Spellcasting
 14628 | Lair:6   | Found a viscous altar of Jiyva.
 14628 | Lair:6   | Found a staircase to the Slime Pits.
 14965 | Lair:6   | Found a staircase to the Shoals.
 15065 | Lair:6   | Reached XP level 14. HP: 79/83 MP: 35/35
 15622 | D:9      | Noticed Gastronok
 15626 | D:9      | Killed Gastronok
 15786 | D:9      | Noticed Jessica
 15788 | D:9      | Killed Jessica
 15794 | D:9      | Found a deep blue altar of Sif Muna.
 16028 | D:9      | Found a runed door.
 16031 | D:9      | Found a runed door.
 16325 | D:10     | Entered Level 10 of the Dungeon
 16366 | D:10     | Learned a level 5 spell: Irradiate
 16772 | D:10     | Offered knowledge of Delayed Fireball by Vehumet.
 16803 | D:10     | Learned a level 7 spell: Delayed Fireball
 16845 | D:10     | Found a staircase to the Orcish Mines.
 17173 | Orc:1    | Entered Level 1 of the Orcish Mines
 17236 | Orc:1    | Found a roughly hewn altar of Beogh.
 17328 | Orc:2    | Entered Level 2 of the Orcish Mines
 17328 | Orc:2    | Noticed Maud
 17335 | Orc:1    | Killed Maud
 17411 | Orc:2    | Found a staircase to the Elven Halls.
 17812 | Orc:1    | Noticed a stone giant
 17818 | Orc:1    | Killed a stone giant
 17955 | Orc:2    | Found a runed door.
 18045 | Orc:2    | Reached XP level 15. HP: 88/88 MP: 22/36
 18408 | Orc:2    | Reached skill level 16 in Spellcasting
 18668 | Orc:2    | Found Widwat's Jewellery Emporium.
 18668 | Orc:2    | Found Quqofyshai's Weapon Boutique.
 18670 | Orc:2    | Found Ciator's Gadget Emporium.
 18670 | Orc:2    | Found Elonus's Weapon Boutique.
 18850 | Orc:2    | Reached skill level 1 in Armour
 18936 | Orc:2    | Found a roughly hewn altar of Beogh.
 19577 | Lair:7   | Offered knowledge of Bolt of Magma by Vehumet.
 20088 | Lair:7   | Learned a level 5 spell: Bolt of Magma
 20445 | Lair:8   | Entered Level 8 of the Lair of Beasts
 20741 | Lair:8   | Reached skill level 17 in Spellcasting
 20818 | Lair:8   | Reached ****** piety under Vehumet
 21080 | Lair:8   | Reached skill level 5 in Short Blades
 21093 | Lair:8   | Offered knowledge of Iron Shot by Vehumet.
 21096 | Lair:8   | Reached skill level 10 in Dodging
 21843 | Lair:8   | Found a runed door.
 22791 | D:11     | Found a labyrinth entrance.
 22794 | Lab      | Entered a labyrinth
 23145 | Lab      | Offered knowledge of Spellforged Servitor by Vehumet.
 23229 | Lab      | Reached XP level 16. HP: 94/94 MP: 37/39
 23251 | Lab      | Got a bound tin ring
 23253 | Lab      | Identified the ring of Nueddure {rC+ AC+3 Str+5 Int-2} (You found it in a labyrinth)
 24106 | D:12     | Found a frozen archway.
 24145 | IceCv    | Entered an ice cave
 24234 | IceCv    | Identified the Almanac of Boosts (You found it in an ice cave)
 24254 | IceCv    | Reached skill level 1 in Earth Magic
 25300 | D:12     | Reached skill level 18 in Spellcasting
 25357 | D:12     | Offered knowledge of Bolt of Fire by Vehumet.
 25365 | D:12     | Learned a level 6 spell: Bolt of Fire
 25648 | D:12     | Reached skill level 5 in Poison Magic
 26543 | D:13     | Noticed Maurice
 26589 | D:13     | Killed Maurice
 26667 | D:13     | Found a gate to the Vaults.
 27267 | Snake:1  | Entered Level 1 of the Snake Pit
 27515 | Snake:1  | Noticed Agnes
 27518 | Snake:1  | Killed Agnes
 27831 | Snake:1  | Offered knowledge of Conjure Ball Lightning by Vehumet.
 28582 | Snake:1  | Noticed George's ghost (adept MiFi)
 28590 | Snake:1  | Killed George's ghost
 28734 | Snake:1  | Reached XP level 17. HP: 99/99 MP: 41/41
 28870 | Snake:2  | Learned a level 6 spell: Poisonous Cloud
 28928 | Snake:2  | Reached skill level 15 in Conjurations
 28936 | Snake:2  | Reached skill level 19 in Spellcasting
 29323 | Snake:2  | Offered knowledge of Lehudib's Crystal Spear by Vehumet.
 29323 | Snake:2  | Offered knowledge of Fire Storm by Vehumet.
 29323 | Snake:2  | Offered knowledge of Shatter by Vehumet.
 29847 | Snake:3  | Reached skill level 15 in Fire Magic
 30538 | Snake:3  | Found a shattered altar of Ashenzari.
 31355 | Snake:4  | Entered Level 4 of the Snake Pit
 31359 | Snake:4  | Noticed Mara
 31499 | Snake:4  | Noticed dvd's illusion
 31953 | Snake:4  | Reached skill level 20 in Spellcasting
 32290 | Snake:4  | Reached XP level 18. HP: 105/105 MP: 44/44
 32326 | Snake:4  | Reached skill level 1 in Evocations
 32908 | Snake:4  | Noticed dvd's illusion
 33013 | Snake:4  | Noticed dvd's illusion
 33015 | Snake:4  | Killed Mara
 33403 | Snake:4  | Learned a level 5 spell: Iskenderun's Battlesphere
 33590 | Snake:4  | Reached skill level 21 in Spellcasting
 33946 | Snake:4  | Got a serpentine rune of Zot
 33952 | Snake:4  | Reached skill level 5 in Charms
 34720 | D:5      | Found a staircase to the Ecumenical Temple.
 34733 | Temple   | Entered the Ecumenical Temple
 35216 | D:4      | Killed chonchonts's ghost
 35875 | D:14     | Noticed Oracle's ghost (novice FoFi)
 35879 | D:14     | Killed Oracle's ghost
 36431 | D:15     | Entered Level 15 of the Dungeon
 36457 | D:15     | Reached skill level 5 in Fighting
 36509 | D:15     | Reached skill level 1 in Staves
 36583 | D:15     | Found a sparkling altar of Nemelex Xobeh.
 36777 | D:15     | Found a staircase to the Depths.
 37245 | D:15     | Upgraded the game from 0.18-a0-1312-gf98331d to 0.18-a0-1343-g48c8f86
 37484 | Elf:1    | Entered Level 1 of the Elven Halls
 37699 | Elf:1    | Found Urhe's Weapon Shop.
 38074 | Elf:1    | Reached XP level 19. HP: 110/110 MP: 46/46
 38353 | Elf:1    | Identified the Collected Works on Combat Magic (You found it on level 1 of the Elven Halls)
 39670 | Elf:2    | Identified a scroll of acquirement
 39731 | Elf:2    | Reached skill level 22 in Spellcasting
 39735 | Elf:2    | Found Ususiofedgh's Jewellery Boutique.
 40153 | Elf:2    | Got a faintly glowing buckler
 40164 | Elf:2    | Identified the -2 buckler of the Wumpus {rPois rN+ Str-3} (You acquired it on level 2 of the Elven Halls)
 40248 | Elf:2    | Learned a level 6 spell: Deflect Missiles
 40452 | Elf:2    | Found a huge runed gate.
 40452 | Elf:2    | Found a huge runed gate.
 40452 | Elf:2    | Found a huge runed gate.
 40452 | Elf:2    | Found a huge runed gate.
 40452 | Elf:2    | Found a huge runed gate.
 41718 | Elf:3    | Entered Level 3 of the Elven Halls
 43482 | Elf:3    | Reached XP level 20. HP: 116/116 MP: 48/48
 43551 | Elf:3    | Got a transparent platinum ring
 43557 | Elf:3    | Got an agate-encrusted leather armour
 43581 | Elf:3    | Got a scorched turquoise ring
 43702 | Elf:3    | Identified the +1 leather armour "Bain" {rF+ rN+} (You took it off a deep elf mage on level 3 of the Elven Halls)
 43703 | Elf:3    | Identified the ring "Bekhust" {SustAt +Fly rPois Str+2} (You took it off a deep elf mage on level 3 of the Elven Halls)
 43705 | Elf:3    | Identified the ring of Ahask {MR+ Str-5 Int+4 Stlth-} (You took it off a deep elf elementalist on level 3 of the Elven Halls)
 43819 | Elf:3    | Got an ancient buckler
 43832 | Elf:3    | Identified the +0 buckler "Levvasho" {rC+ rCorr Str+5 Int+2} (You acquired it on level 3 of the Elven Halls)
 44014 | Elf:3    | Identified Gyshriat's Almanac of the Lost Realms
 44016 | Elf:3    | Identified a cursed +5 rod of inaccuracy (11/11) (You took it off a deep elf death mage on level 3 of the Elven Halls)
 44283 | Orc:2    | Reached skill level 23 in Spellcasting
 44345 | D:10     | Learned a level 3 spell: Regeneration
 44348 | D:10     | Upgraded the game from 0.18-a0-1343-g48c8f86 to 0.18-a0-1347-gb9e2fb4
 44639 | Shoals:1 | Entered Level 1 of the Shoals
 44757 | Shoals:1 | Reached skill level 5 in Earth Magic
 44979 | Shoals:1 | Found Celeusis's Antique Armour Shoppe.
 44982 | Shoals:1 | Bought a faintly humming leather armour for 217 gold pieces
 44992 | Shoals:1 | Identified the +1 leather armour of Baldness {rN+} (You bought it in a shop on level 1 of the Shoals)
 46091 | Shoals:3 | Reached skill level 1 in Necromancy
 46314 | Shoals:3 | Noticed Ilsuiw
 46317 | Shoals:3 | Killed Ilsuiw
 46322 | Shoals:3 | Reached skill level 1 in Shields
 46364 | Shoals:3 | Learned a level 9 spell: Fire Storm
 46576 | Shoals:4 | Entered Level 4 of the Shoals
 46585 | Shoals:4 | Found Sadu's Jewellery Shoppe.
 46585 | Shoals:4 | Noticed Nikola
 46592 | Shoals:4 | Killed Nikola
 46606 | Shoals:4 | Noticed Polyphemus
 46611 | Shoals:4 | HP: 2/116 [merfolk impaler/trident of freezing (29)]
 46611 | Shoals:4 | Slain by a merfolk impaler

Vault maps used:
D:1:      evilmike_arrival_plus
D:2:      minitemple, ecumenical_altar_1
D:4:      first_bread, serial_shops, shop, portal_sewer_entry_f, uniq_pikel
D:5:      minmay_temple_entry_junction, basic_altar
D:6:      hangedman_decor_diamond_cutter
D:7:      serial_shops, nicolae_shop_trees, uniq_joseph
D:8:      david_lair_generic, serial_shops, nicolae_shop_trees
D:9:      lemuel_insect_pit, tgw_sif, uniq_gastronok
D:10:     orc_0_dummy, hangedman_pestilent_swarm, evilmike_surprise_oklob
D:11:     lab_entry_generic, due_unseen_surprise
D:12:     minmay_blocking_statues, portal_ice_cave_entry_imps
D:13:     grunt_vaults_entry_tiered, minmay_misc_feat_ornament,
          minmay_librarian, uniq_maurice
D:14:     serial_glass, glass_columns_c, glass_columns_a, glass_columns_c,
          glass_columns_b, glass_columns_c, glass_columns_c, glass_columns_c,
          glass_columns_c, glass_columns_c, glass_columns_b, glass_columns_a,
          glass_columns_a, glass_columns_c, glass_columns_b,
          hangedman_abyss_or_decor_passed, eino_jars
D:15:     hangedman_depths_entry_try_elsewhere_first, bh_walls_and_bars,
          nemelex_deck
Temple:   minmay_temple_forest_path_12
Lair:1:   lemuel_oklob_altar
Lair:2:   basic_altar
Lair:4:   dummy_snake_entry, tgw_fedhas
Lair:5:   grunt_megastairs_1, lemuel_fruit_fields, infiniplex_staircase_pool
Lair:6:   elwin_shoals_entry_stream, dpeg_slime_entry_enclosed_altar
Lair:7:   st_stairs_6, minmay_holes, lemuel_fruit_fields, grunt_megastairs_3,
          serial_bayou_shore_b
Lair:8:   wormcave
Shoals:1: serial_shops, nicolae_shop_behind_doors
Shoals:2: nicolae_shoals_arrival_archipelago
Shoals:3: uniq_ilsuiw
Shoals:4: shoals_end_simple, shoals_ilsuiw_ice, serial_shops,
          nicolae_shop_stone, yaktaur_hedge, uniq_nikola, uniq_jorgrun,
          uniq_polyphemus
Snake:1:  serial_bayou_lagoon_a, uniq_agnes
Snake:2:  serial_bayou_shore_a
Snake:3:  basic_altar
Snake:4:  snake_pit, uniq_mara
Orc:1:    basic_altar
Orc:2:    grunt_orc_tribal_feast, lightli_church_of_beogh, uniq_maud
Elf:1:    minmay_elf_arrival_plus, serial_shops, shop, minmay_elf_annihilation,
          minivault_16
Elf:2:    serial_shops, shop_fountains
Elf:3:    grunt_elf_hall_asides, grunt_megastairs_2
Lab:      labyrinth_watery, nicolae_lab_checkerboard, lab_block,
          labyrinth_lava_lair, labyrinth_skeletal_remains
IceCv:    ice_cave_caverns_03

Action                   |  1- 3 |  4- 6 |  7- 9 | 10-12 | 13-15 | 16-18 | 19-21 || total
-------------------------+-------+-------+-------+-------+-------+-------+-------++-------
Melee: Dagger            |     2 |     2 |     9 |       |       |       |       ||    13
       Short sword       |       |       |    15 |    38 |   384 |   218 |    33 ||   688
       Staff             |       |       |       |       |     4 |    25 |    13 ||    42
 Cast: Flame Tongue      |    72 |    58 |    27 |     3 |     1 |    10 |       ||   171
       Throw Flame       |     1 |    54 |    62 |    43 |    39 |     6 |       ||   205
       Sticky Flame      |       |    10 |    37 |    28 |    77 |    59 |    10 ||   221
       Conjure Flame     |       |     2 |       |       |       |       |       ||     2
       Shock             |       |       |    25 |    61 |     7 |       |       ||    93
       Fireball          |       |       |    10 |    46 |   105 |   118 |    58 ||   337
       Ignite Poison     |       |       |       |     5 |     5 |     8 |     1 ||    19
       Mephitic Cloud    |       |       |       |     4 |       |       |       ||     4
       Repel Missiles    |       |       |       |     2 |     1 |     8 |     3 ||    14
       Lightning Bolt    |       |       |       |    13 |   125 |    62 |    24 ||   224
       Blink             |       |       |       |     1 |    11 |     1 |     1 ||    14
       Poison Arrow      |       |       |       |       |    48 |    42 |    47 ||   137
       Irradiate         |       |       |       |       |     7 |     5 |     1 ||    13
       Bolt of Magma     |       |       |       |       |     8 |    69 |    64 ||   141
       Delayed Fireball  |       |       |       |       |     2 |     2 |       ||     4
       Bolt of Fire      |       |       |       |       |       |   293 |   181 ||   474
       Poisonous Cloud   |       |       |       |       |       |     3 |     1 ||     4
       Iskenderun's Batt |       |       |       |       |       |     9 |    31 ||    40
       Deflect Missiles  |       |       |       |       |       |       |     2 ||     2
       Regeneration      |       |       |       |       |       |       |     5 ||     5
       Fire Storm        |       |       |       |       |       |       |     3 ||     3
 Abil: Release Delayed F |       |       |       |       |     1 |     2 |       ||     3
       Evoke Flight      |       |       |       |       |       |       |     8 ||     8
Evoke: Wand              |       |       |     1 |       |     2 |     7 |     4 ||    14
  Use: Scroll            |       |     7 |    11 |     4 |    13 |    15 |    14 ||    64
       Potion            |       |       |       |    13 |     3 |     4 |     2 ||    22
 Stab: Sleeping          |     1 |     2 |     3 |       |     8 |     4 |     4 ||    22
       Distracted        |       |       |       |       |     1 |     1 |       ||     2
  Eat: Chunk             |     2 |    11 |    12 |     9 |    24 |    17 |    17 ||    92
       Royal jelly       |       |       |     1 |       |       |       |       ||     1
       Meat ration       |       |       |       |     1 |     3 |     3 |     1 ||     8
       Beef jerky        |       |       |       |     1 |       |     5 |     2 ||     8
       Fruit             |       |       |       |       |     1 |       |     1 ||     2
       Pizza             |       |       |       |       |       |     4 |     3 ||     7
